 Dungeon Crawl Stone Soup version 0.21.1-1-g345015f (webtiles) character file.

172 Merlin the Cudgeler (level 5, -1/42 HPs)
             Began as a Demonspawn Chaos Knight on July 10, 2018.
             Slain by a scorpion (5 damage)
             ... on level 4 of the Dungeon.
             The game lasted 00:11:30 (2277 turns).

Merlin the Cudgeler (Demonspawn Chaos Knight)       Turns: 2277, Time: 00:11:32

Health: -1/42      AC:  7    Str: 13    XL:     5   Next: 27%
Magic:  5/5        EV: 12    Int: 11    God:    Xom [......]
Gold:   69         SH:  0    Dex: 13    Spells: 4/4 levels left

rFire    . . .     SeeInvis .   a - +1 mace (chaos)
rCold    . . .     Gourm    .   (no shield)
rNeg     . . .     Faith    .   b - +2 leather armour
rPois    .         Spirit   .   (no helmet)
rElec    .         Reflect  .   (no cloak)
rCorr    .         Harm     .   (no gloves)
MR       .....                  (no boots)
Stlth    +.........             (no amulet)
HPRegen  0.14/turn              (no ring)
MPRegen  0.09/turn              (no ring)

@: very slightly contaminated
A: talons 1, icy blue scales 1, dopey 1, rot immunity
a: Renounce Religion


You were on level 4 of the Dungeon.
You worshipped Xom.
You were a very special plaything of Xom.
You were hungry.

You visited 1 branch of the dungeon, and saw 4 of its levels.

You collected 69 gold pieces.

Inventory:

Hand Weapons
 a - a +1 mace of chaos (weapon)
 i - a +1 hunting sling of freezing
Armour
 b - a +2 leather armour (worn)
 h - a +0 large shield
Jewellery
 p - an uncursed amulet of guardian spirit {unknown}
Scrolls
 d - 2 scrolls of remove curse
 e - 2 scrolls of teleportation
 j - a scroll of fear
 l - 3 scrolls of identify
 m - a scroll of random uselessness
 n - 4 scrolls of enchant weapon
 o - a scroll of immolation {unknown}
Potions
 g - a potion of magic {unknown}
Comestibles
 c - 6 rations


   Skills:
 + Level 3.8 Fighting
 + Level 4.1 Maces & Flails
 + Level 2.4 Armour
 + Level 1.8 Dodging
 + Level 1.1 Stealth


You had 4 spell levels left.
You didn't know any spells.

Dungeon Overview and Level Annotations

Branches:
Dungeon (4/15)
 Temple: D:4-7

Altars:
Ashenzari
Cheibriados
Dithmenos
Fedhas
Kikubaaqudgha
Trog
Xom
Zin

Annotations:
D:4 sbat's ghost, amateur TrFi


Innate Abilities, Weirdness & Mutations

You have sharp toenails.
You are partially covered in icy blue scales. (AC +2)
You are immune to rotting.
You are dopey. (Int -2)


Message History

The scorpion poisons you! The worker ant bites you.
* * * LOW HITPOINT WARNING * * *
You are more poisoned.
The worker ant poisons you!
It was a potion of curing.
You feel better. The scorpion stings you.
* * * LOW HITPOINT WARNING * * *
The worker ant misses you.
You barely miss the worker ant. Your kick misses the worker ant.
The worker ant is almost dead.
The scorpion stings you but does no damage.
The worker ant bites you but does no damage.
The scorpion stings you.
* * * LOW HITPOINT WARNING * * *
You hit the worker ant.
You kill the worker ant!
Your Stealth skill increases to level 1!
The orc wizard gestures wildly while chanting.
The orc wizard blinks!
The scorpion stings you.
You die...
Xom is highly amused!

#.... ... ...
... #.# #.#
?...
#'###......
+@###..... #
#s###...# #.
#.# ...#
#.###o###...#
#.(.....s...#
###.>ยง......#
#.........#
##(W......#
#....#####


You could see a scorpion, an orc wizard and sbat's ghost.

Vanquished Creatures
  Natasha (D:2)
  A worker ant (D:4)
  4 adders
  A shadow imp (D:2)
  An ooze (D:3)
  A worm (D:3)
  A dart slug (D:1)
  4 leopard geckos
  4 orcs
  7 bats
  4 giant cockroaches
  6 hobgoblins
  3 jackals (D:2)
  A ball python (D:2)
  6 frilled lizards
  9 goblins
  6 kobolds
  7 rats
67 creatures vanquished.

Vanquished Creatures (collateral kills)
  An adder (D:2)
  A goblin (D:2)
2 creatures vanquished.

Vanquished Creatures (others)
  A frilled lizard (D:4)
1 creature vanquished.

Grand Total: 70 creatures vanquished

Notes
Turn   | Place    | Note
-------+----------+-------------------------------------------
     0 | D:1      | Merlin the Demonspawn Chaos Knight began the quest for the Orb.
     0 | D:1      | Reached XP level 1. HP: 18/18 MP: 1/1
   145 | D:1      | Reached skill level 1 in Dodging
   149 | D:1      | XOM: harmless Conj miscast
   214 | D:1      | Gained mutation: You have sharp toenails. [demonic ancestry]
   214 | D:1      | Reached XP level 2. HP: 24/24 MP: 2/2
   260 | D:1      | Reached skill level 3 in Maces & Flails
   377 | D:1      | Reached XP level 3. HP: 29/29 MP: 3/3
   448 | D:1      | XOM: divination: magic mapping
   511 | D:2      | Found a glowing silver altar of Zin.
   646 | D:2      | XOM: divination: detect items
   739 | D:2      | XOM: summons friendly ufetubus
   751 | D:2      | Found a shattered altar of Ashenzari.
   763 | D:2      | Noticed Natasha
   763 | D:2      | XOM: enchant monster (bad)
   773 | D:2      | Killed Natasha
   773 | D:2      | Gained mutation: You are partially covered in icy blue scales. (AC +2) [demonic ancestry]
   773 | D:2      | Reached XP level 4. HP: 20/36 MP: 4/4
   835 | D:2      | XOM: scenery: create altars
  1379 | D:3      | Found a blossoming altar of Fedhas.
  1379 | D:3      | XOM: 5-stop teleportation journey
  1555 | D:3      | XOM: cloud trail
  1577 | D:3      | XOM: noise
  1940 | D:3      | Gained mutation: You are immune to rotting. [demonic ancestry]
  1940 | D:3      | Reached XP level 5. HP: 42/42 MP: 5/5
  1946 | D:3      | Reached skill level 4 in Maces & Flails
  1962 | D:3      | XOM: harmless Conj miscast
  1979 | D:3      | Found a snail-covered altar of Cheibriados.
  2012 | D:3      | Found an ancient bone altar of Kikubaaqudgha.
  2189 | D:4      | Noticed sbat's ghost (amateur TrFi)
  2192 | D:4      | XOM: potion effect (invisibility)
  2198 | D:4      | Found a shadowy altar of Dithmenos.
  2235 | D:4      | XOM: confuse monster(s)
  2244 | D:4      | Gained mutation: You are weak. (Str -2) [potion of mutation]
  2244 | D:4      | Gained mutation: You are dopey. (Int -2) [potion of mutation]
  2244 | D:4      | Lost mutation: You are weak. (Str -2) [potion of mutation]
  2252 | D:4      | XOM: confuse monster(s)
  2257 | D:4      | XOM: confuse monster(s)
  2266 | D:4      | Found a bloodstained altar of Trog.
  2269 | D:4      | XOM: noise
  2277 | D:4      | Reached skill level 1 in Stealth
  2277 | D:4      | Slain by a scorpion

Skill      XL: |  1  2  3  4  5 |
---------------+----------------+-----
Dodging        | 1 |  1.8
Maces & Flails | 3 4 |  4.1
Armour         | 2 |  2.4
Stealth        | 1 |  1.1
Fighting       | |  3.8

Action                   |  1- 3 |  4- 6 || total
-------------------------+-------+-------++-------
Melee: Mace              |    91 |   106 ||   197
       Kick              |    13 |    24 ||    37
  Use: Scroll            |       |     6 ||     6
       Potion            |       |     3 ||     3
 Stab: Sleeping          |     1 |       ||     1
       Petrified         |       |     3 ||     3
       Petrifying        |       |     2 ||     2
       Invisible         |       |     2 ||     2
  Eat: Chunk             |       |     4 ||     4
Armor: Leather armour    |    35 |    32 ||    67
Dodge: Dodged            |    58 |    83 ||   141
